 Dungeon Crawl Stone Soup version 0.15.0-27-gbdb0435 (console) character file.

6742 gw the Basher (level 10, -3/94 (96) HPs)
             Began as a Deep Dwarf Berserker on Sept 11, 2014.
             Was a Priest of Trog.
             Slain by an orc warrior
             ... wielding a +0 hand axe
              (20 damage)
             ... in a bailey.
             The game lasted 00:09:05 (7959 turns).

gw the Basher (Deep Dwarf Berserker)                Turns: 7959, Time: 00:09:05

HP  -3/94 (96)   AC 15     Str 23      XL: 10   Next: 75%
MP   4/4         EV  7     Int  8      God: Trog [***...]
Gold 0           SH  0     Dex 15      Spells:  0 memorised,  9 levels left

rFire  . . .     SeeInvis .     a - +2 morningstar
rCold  . . .     Clarity  .     o - +0 plate armour
rNeg   . . .     rCorr    .     (no shield)
rPois  .         rRot     .     (no helmet)
rElec  .         Spirit   .     p - +0 cloak
SustAb .         Warding  .     (no gloves)
rMut   .         Stasis   .     (no boots)
Gourm  .                        (no amulet)
MR     +++..                    (no ring)
                                (no ring)

@: exhausted, non-regenerating, slowed, very slow, extremely resistant to
hostile enchantments, extremely unstealthy
A: damage resistance, recharge devices, blink 1, sense surroundings 2, slow
healing 3, strong 1, wild magic 1
a: Device Recharging, Blink, Burn Spellbooks, Berserk, Trog's Hand, Renounce
Religion


You were in a bailey.
You worshipped Trog.
Trog was most pleased with you.
You were very hungry.

You visited 1 branch of the dungeon, and saw 8 of its levels.
You also visited: Sewer and Bailey.

Inventory:

Hand weapons
 a - a +2 morningstar (weapon)
Missiles
 l - 60 bolts
Armour
 o - a +0 plate armour (worn)
 p - a +0 cloak (worn)
Magical devices
 c - a wand of heal wounds (2)
 e - a wand of enslavement (9)
 q - a wand of polymorph (9) {unknown}
 s - a wand of disintegration (11) {unknown}
Comestibles
 d - 8 bread rations
 f - a beef jerky
 k - 4 meat rations
 m - a chunk of goblin flesh
 n - 3 slices of pizza
Scrolls
 g - 8 scrolls of identify
 i - 3 scrolls of remove curse
 t - 3 scrolls of blinking {unknown}
 v - a scroll of teleportation
Potions
 b - a potion of might
 h - 2 potions of curing
 j - a potion of restore abilities
 r - a potion of haste
 u - a potion of heal wounds {unknown}


   Skills:
 + Level 8.0 Fighting
 * Level 11.8 Maces & Flails
 + Level 9.4 Armour
 - Level 2.1 Dodging


You had 9 spell levels left.
You didn't know any spells.

Dungeon Overview and Level Annotations

Branches:
Dungeon (8/15)             Temple (0/1) D:7            Lair (0/8) D:8

Altars:
Cheibriados
Dithmenos
Nemelex Xobeh
Sif Muna
Trog
Vehumet


Innate Abilities, Weirdness & Mutations

You are resistant to damage.
You can recharge devices by infusing magical energy.
You passively map the area around you.
You do not heal naturally.
You can translocate small distances at will.
Your muscles are strong. (Str +2)
Your spells are a little harder to cast, but a little more powerful.


Message History

The orc warrior barely misses you.
The orc warlord roars a battle-cry!
The orcs go into a battle-frenzy!
The orc warlord hits you but does no damage.
The orc hits you but does no damage.
Use which ability? (? or * to list)
Your skin crawls.
You feel resistant to hostile enchantments.
You feel slightly more hungry.
The orc warrior hits you but does no damage.
The orc closely misses you.
The orc warlord hits you from afar with a bardiche!
The orc warrior hits you with a hand axe.
Evoke which item? (* to show all) (? for menu, Esc to quit)
Zapping:
c - a wand of heal wounds (3)
Press: ? - help, Shift-Dir - straight line, f - you You feel much better.
This wand has 2 charges left.
The orc barely misses you.
The orc warlord hits you from afar with a bardiche!!
The orc warrior hits you with a hand axe!!
You die...

# , ,
....##8.)........#
#,
.....#8..........#
#,,
......'.....}....\#
#
.....#8[[[.......#
#, ,
...##8.([.....?.# #
,
,...###.[[......##
, ###.###.....### *
* ##.....#o#.### ,
*......oog###
..........# ,
,,.........# , ,
...}.....# '
.........# ,, ,
........# *
,......## ...### **
**


You could see an orc warlord, an orc warrior (frenzied) and an orc (frenzied).

Table legend:
 A = Turns spent in this place as a percentage of turns spent in the entire game.
 B = Non-inter-level travel turns spent in this place as a percentage of non-inter-level travel turns spent in the entire game.
 C = Inter-level travel turns spent in this place as a percentage of turns spent in this place.
 D = Turns resting spent in this place as a percentage of non-inter-level travel turns spent in this place.
 E = Turns spent auto-exploring this place as a percentage of non-inter-level travel turns spent in this place.
 F = Non-inter-level travel turns spent in this place divided by the number of levels of this place that you've seen.
                   A       B       C       D       E      F
               +-------+-------+-------+-------+-------+----------------------
         Total | 100.0 | 100.0 |   1.0 |   0.9 |   9.3 | 489.4
       Dungeon |  77.0 |  76.8 |   1.2 |   0.8 |  10.6 | 469.9
         Sewer |  10.9 |  11.0 |   0.0 |   0.0 |   5.0 | 537.0
        Bailey |  12.1 |  12.2 |   0.0 |   2.0 |   4.3 | 598.0
               +-------+-------+-------+-------+-------+----------------------

Table legend:
 A = Kills in this place as a percentage of kills in entire the game.
 B = Kills by you in this place as a percentage of kills by you in the entire game.
 C = Kills by friends in this place as a percentage of kills by friends in the entire game.
 D = Other kills in this place as a percentage of other kills in the entire game.
 E = Experience gained in this place as a percentage of experience gained in the entire game.
 F = Experience gained in this place divided by the number of levels of this place that you have seen.
                   A       B       C       D       E      F
               +-------+-------+-------+-------+-------+----------------------
         Total | 100.0 | 100.0 | 100.0 | 100.0 | 100.0 | 963.2
       Dungeon |  73.6 |  74.2 |  55.6 | 100.0 |  57.4 | 691.2
         Sewer |   6.1 |   6.4 |   0.0 |   0.0 |   0.4 |  35.0
        Bailey |  20.2 |  19.5 |  44.4 |   0.0 |  42.2 | 4067.0
               +-------+-------+-------+-------+-------+----------------------

Vanquished Creatures
  Pikel (D:8)
  4 orc knights (Bailey)
  Grinder (D:5)
  The ghost of tedric the Chopper, an experienced VSBe of Trog (D:7)
  A spriggan (D:7)
  A hippogriff (D:7)
  12 orc warriors
  A phantom (D:4)
  A sky beast (D:7)
  Purgy (D:3)
  5 ogres
  An ice beast (D:3)
  A necrophage (D:6)
  3 giant frogs (D:6)
  A scorpion (D:7)
  8 killer bees
  3 hounds
  2 jellies (D:8)
  3 orc priests
  Crazy Yiuf (D:3)
  2 centaur skeletons
  3 iguanas
  5 worker ants
  5 orc wizards
  An ogre skeleton (D:5)
  A worker ant zombie (D:5)
  12 gnolls
  A green rat (D:5)
  10 adders
  A giant mite (D:6)
  3 worms
  2 orc skeletons
  An ooze (D:3)
  28 orcs
  15 bats
  A bat skeleton (D:7)
  4 giant cockroaches
  23 hobgoblins
  13 jackals
  3 quokkas
  4 ball pythons
  6 giant geckos
  A giant gecko zombie (D:7)
  12 giant newts
  26 goblins
  19 kobolds
  A kobold skeleton (D:6)
  10 rats
  A rat skeleton (D:4)
  A rat zombie (D:5)
  2 ballistomycetes (D:7)
269 creatures vanquished.

Vanquished Creatures (collateral kills)
  2 black bears (D:6)
  2 slaves (D:8)
  2 gnolls (Bailey)
  2 giant geckos (D:6)
  A goblin (Bailey)
  A hobgoblin (Bailey)
  A rat (D:6)
11 creatures vanquished.

Vanquished Creatures (others)
  5 ogres
  A slave (D:8)
  A giant spore (D:7)
  A goblin (D:7)
  A plant (Sewer)
9 creatures vanquished.

Grand Total: 289 creatures vanquished

Notes
Turn   | Place    | Note
--------------------------------------------------------------
     0 | D:1      | gw, the Deep Dwarf Berserker, began the quest for the Orb.
     0 | D:1      | Reached XP level 1. HP: 20/20 MP: 1/1
   148 | D:1      | Reached XP level 2. HP: 16/27 MP: 2/2
   271 | D:1      | Acquired Trog's second power
   819 | D:1      | Gained mutation: Your spells are a little harder to cast, but a little more powerful. [potion of mutation]
   819 | D:1      | Gained mutation: You can translocate small distances at will. [potion of mutation]
   819 | D:1      | Gained mutation: Your muscles are strong. (Str +2) [potion of mutation]
   840 | D:2      | Reached XP level 3. HP: 13/34 MP: 3/3
  1527 | D:3      | Reached XP level 4. HP: 40/42 MP: 4/4
  1537 | D:3      | Reached skill level 4 in Maces & Flails
  1614 | D:3      | Noticed an ice beast
  1630 | D:3      | Killed an ice beast
  1630 | D:3      | Reached XP level 5. HP: 47/49 MP: 5/5
  1660 | D:3      | Found a sparkling altar of Nemelex Xobeh.
  2080 | D:3      | Reached skill level 5 in Maces & Flails
  2160 | D:3      | Noticed Purgy
  2170 | D:3      | Killed Purgy
  2170 | D:3      | Reached XP level 6. HP: 44/57 MP: 5/5
  2388 | D:3      | Noticed Crazy Yiuf
  2396 | D:3      | Killed Crazy Yiuf
  2782 | D:4      | Reached skill level 6 in Maces & Flails
  2782 | D:4      | Reached XP level 7. HP: 44/64 MP: 6/6
  2999 | D:4      | Acquired Trog's third power
  3257 | D:4      | Found a snail-covered altar of Cheibriados.
  3260 | D:4      | Found a sparkling altar of Nemelex Xobeh.
  3264 | D:4      | Found a shadowy altar of Dithmenos.
  3380 | D:4      | Reached skill level 5 in Armour
  3718 | D:5      | Entered Level 5 of the Dungeon
  4068 | D:5      | Found a glowing drain.
  4079 | Sewer    | Entered a sewer
  4855 | D:5      | Reached skill level 5 in Fighting
  4855 | D:5      | Reached skill level 7 in Maces & Flails
  5104 | D:5      | Reached XP level 8. HP: 51/74 MP: 6/6
  5158 | D:5      | Received a gift from Trog
  5206 | D:5      | Noticed Grinder
  5213 | D:5      | Killed Grinder
  5377 | D:5      | Found a deep blue altar of Sif Muna.
  5424 | D:6      | Found a bloodstained altar of Trog.
  5466 | D:6      | Reached skill level 8 in Maces & Flails
  5937 | D:6      | Gained mutation: You passively map the area around you. [level up]
  5937 | D:6      | Reached XP level 9. HP: 41/80 MP: 7/7
  5957 | D:6      | Reached skill level 9 in Maces & Flails
  6132 | D:7      | Found a radiant altar of Vehumet.
  6241 | D:7      | Noticed tedric's ghost (experienced VSBe)
  6251 | D:7      | Killed tedric's ghost
  6417 | D:7      | Found a staircase to the Ecumenical Temple.
  6701 | D:7      | Reached skill level 10 in Maces & Flails
  7099 | D:8      | Found a staircase to the Lair.
  7207 | D:8      | Noticed Pikel
  7239 | D:8      | Killed Pikel
  7380 | D:8      | Reached XP level 10. HP: 62/92 MP: 7/7
  7412 | D:8      | Found a flagged portal.
  7421 | Bailey   | Entered a bailey
  7613 | Bailey   | Received a gift from Trog
  7655 | Bailey   | Noticed an orc knight
  7689 | Bailey   | Killed an orc knight
  7692 | Bailey   | Reached skill level 11 in Maces & Flails
  7831 | Bailey   | Noticed an orc knight
  7832 | Bailey   | Noticed an orc warlord
  7837 | Bailey   | Noticed an orc knight
  7837 | Bailey   | Received a gift from Trog
  7847 | Bailey   | Killed an orc knight
  7853 | Bailey   | HP: 3/94 [orc warlord/bardiche (6)]
  7911 | Bailey   | Noticed an orc knight
  7922 | Bailey   | Killed an orc knight
  7937 | Bailey   | Killed an orc knight
  7959 | Bailey   | Slain by an orc warrior

Action                   |  1- 3 |  4- 6 |  7- 9 | 10-12 || total
-------------------------+-------+-------+-------+-------++-------
Melee: Mace              |   158 |    57 |       |       ||   215
       Morningstar       |       |    90 |   442 |   157 ||   689
Invok: Trog's Hand       |       |     2 |     4 |     5 ||    11
       Berserk           |       |     1 |     6 |     4 ||    11
       Brothers in Arms  |       |       |     6 |     2 ||     8
 Abil: Device Recharging |       |     1 |     2 |     3 ||     6
Evoke: Wand              |     4 |     5 |    12 |    12 ||    33
  Use: Potion            |     7 |     3 |     6 |     3 ||    19
       Scroll            |     5 |     3 |     8 |     1 ||    17
 Stab: Sleeping          |     1 |       |       |       ||     1
  Eat: Chunk             |     2 |     6 |    25 |     7 ||    40

Vault maps used:
D:1:      dpeg_arrival_court
D:3:      nemelex_xobeh_ov_fountains_minmay, uniq_crazy_yiuf_cottage, uniq_purgy
D:4:      wad_crossroads, grunt_temple_overflow_open, nrook_loot_triangle,
          minmay_misc_feat_tower, kennysheep_generic_room_2
D:5:      lemuel_blue_sif_altar, portal_sewer_entry_b, first_bread, uniq_grinder
D:6:      serial_park_square1, trog_ov_bears_minmay
D:7:      nicolae_overflow_hidden_temple, temple_pool_b, the_bakery
D:8:      lair_0_dummy, enter_bailey_2, serial_shops, shop,
          kennysheep_mini_moat, uniq_pikel
Sewer:    sewer_co_scattered_pipes
Bailey:   bailey_axe_minmay_hex_keep, bailey
